 Dungeon Crawl Stone Soup version 0.19.0 (webtiles) character file.

437 varam the Ruffian (level 6, 32/59 HPs)
             Began as a Troll Monk on Nov 1, 2016.
             Quit the game on level 3 of the Dungeon.
             The game lasted 00:03:40 (1736 turns).

varam the Ruffian (Troll Monk)                      Turns: 1736, Time: 00:03:41

Health: 32/59      AC:  5    Str: 20    XL:     6   Next: 69%
Magic:  5/5        EV: 10    Int:  8    God:
Gold:   124        SH:  0    Dex: 12    Spells: 0 memorised, 5 levels left

rFire  . . .     SeeInvis .       - Unarmed
rCold  . . .     Gourm    +     a - +0 robe
rNeg   . . .     Faith    .     (no shield)
rPois  .         Spirit   .     (helmet restricted)
rElec  .         Reflect  .     (no cloak)
rCorr  .         Harm     .     (gloves unavailable)
MR     .....                    (boots unavailable)
Stlth  ++........               (no amulet)
                                (no ring)
                                (no ring)

@: no status effects
A: unfitting armour, claws 3, fast metabolism 3, gourmand, regeneration 1,
shaggy fur 1, tough skin 2
a: no special abilities


You were on level 3 of the Dungeon.
You were very full.

You visited 1 branch of the dungeon, and saw 3 of its levels.

You collected 124 gold pieces.

Inventory:

Missiles
 p - 108 stones (quivered)
Armour
 a - a +0 robe (worn)
Wands
 m - a wand of flame (33/48)
 n - a wand of flame (19/48)
 t - a wand of digging (19/24)
Scrolls
 c - 10 scrolls of identify {unknown}
 d - a scroll of magic mapping {unknown}
 e - 2 scrolls of immolation {unknown}
 g - a scroll of fog {unknown}
 h - 2 scrolls of teleportation {unknown}
 l - 2 scrolls of blinking {unknown}
 o - 2 scrolls of random uselessness {unknown}
Potions
 f - a potion of heal wounds {unknown}
 k - a potion of curing {unknown}
 r - 2 potions of degeneration {unknown}
 s - a potion of mutation {unknown}
Comestibles
 b - 4 bread rations
 i - a meat ration
 j - a beef jerky
 q - 11 chunks of flesh


   Skills:
 - Level 2.4 Fighting
 - Level 2.4 Dodging
 - Level 1.0 Stealth
 + Level 7.6 Unarmed Combat


You had 5 spell levels left.
You didn't know any spells.

Dungeon Overview and Level Annotations

Branches:
Dungeon (3/15)

Altars:

Annotations:
D:3 1 runed door


Innate Abilities, Weirdness & Mutations

You are too large for most types of armour.
You have claws for hands.
Your metabolism is lightning-fast.
You like to eat raw meat.
Your natural rate of healing is unusually fast.
You are covered in fur. (AC +1)
You have very tough skin. (AC +2)


Message History

The orc is moderately wounded.
The orc barely misses you. The kobold barely misses you.
You closely miss the orc.
The orc is moderately wounded.
The orc throws a stone.
The stone misses you. The kobold closely misses you.
You are too injured to fight recklessly!
You are too injured to fight recklessly!
You are too injured to fight recklessly!
You claw the orc!
You kill the orc!
You completely miss the orc. The kobold misses you. The orc barely misses you.
You barely miss the orc. The kobold barely misses you.
You claw the orc!
You kill the orc!
The orc throws a stone.
The stone hits you but does no damage. The kobold hits you with a club.
An orc comes into view. It is wielding a club.
Are you sure you want to abandon this character and quit the game? (Confirm with "yes".)
Okay, then.
Are you sure you want to abandon this character and quit the game? (Confirm with "yes".)

# #..## ## #...# 8.
.###############..# $. .
#.......<.........# #.#o#
.####.............##...
## ##.##....###..##...
####......#.# #%.#..#
...)).....#.###..#.######
......###.#.#...@)o......
#####.# #.....###K.###..#
#.# #..!.. #))# #.# ....
#..# #.# .#.# ..(. #.. ..
..... ### .......
###..... ###...


You could see 2 orcs and a kobold.

Vanquished Creatures
  Sigmund (D:2)
  2 orc wizards (D:3)
  Jessica (D:3)
  Natasha (D:3)
  4 gnolls (D:2)
  5 adders
  A dart slug (D:1)
  2 leopard geckos (D:3)
  13 orcs (D:3)
  5 bats
  5 giant cockroaches
  12 goblins
  10 hobgoblins
  3 jackals (D:2)
  2 kobolds
  3 frilled lizards
  4 rats
74 creatures vanquished.

Notes
Turn   | Place    | Note
-------+----------+-------------------------------------------
     0 | D:1      | varam the Troll Monk began the quest for the Orb.
     0 | D:1      | Reached XP level 1. HP: 22/22 MP: 0/0
   103 | D:1      | Reached XP level 2. HP: 28/29 MP: 1/1
   404 | D:1      | Reached skill level 4 in Unarmed Combat
   629 | D:2      | Reached XP level 3. HP: 33/36 MP: 2/2
   780 | D:2      | Noticed Sigmund
   801 | D:2      | Killed Sigmund
   801 | D:2      | Reached skill level 6 in Unarmed Combat
   801 | D:2      | Reached XP level 4. HP: 26/44 MP: 3/3
   801 | D:2      | Reached XP level 5. HP: 30/50 MP: 4/4
  1276 | D:3      | Reached XP level 6. HP: 44/59 MP: 5/5
  1354 | D:3      | Noticed Jessica
  1359 | D:3      | Killed Jessica
  1374 | D:3      | Reached skill level 7 in Unarmed Combat
  1552 | D:3      | Found a runed door.
  1651 | D:3      | Noticed Natasha
  1664 | D:3      | Killed Natasha
  1736 | D:3      | Quit the game

Skill      XL: |  1  2  3  4  5  6 |
---------------+-------------------+-----
Unarmed Combat | 4 6 7 |  7.6
Fighting       | |  2.4
Dodging        | |  2.4
Stealth        | |  1.0

Action                   |  1- 3 |  4- 6 || total
-------------------------+-------+-------++-------
Melee: Unarmed           |    97 |   109 ||   206
       Punch             |       |     2 ||     2
Throw: Stone             |     4 |       ||     4
  Eat: Chunk             |    13 |     8 ||    21
Armor: Robe              |    50 |    38 ||    88
Dodge: Dodged            |    67 |    70 ||   137
